 Dungeon Crawl Stone Soup version 0.21-a0-471-gd587bd5 (webtiles) character file.

49 nikopol the Firebug (level 3, 0/19 HPs)
             Began as a Deep Elf Fire Elementalist on Nov 21, 2017.
             Slain by a quokka (3 damage)
             ... on level 2 of the Dungeon.
             The game lasted 00:03:59 (1039 turns).

nikopol the Firebug (Deep Elf Fire Elementalist)    Turns: 1039, Time: 00:04:00

Health: 0/19       AC:  2    Str:  5    XL:     3   Next: 53%
Magic:  0/10       EV: 13    Int: 20    God:
Gold:   41         SH:  0    Dex: 15    Spells: 8/9 levels left

rFire    . . .     SeeInvis .   e - +0 dagger
rCold    . . .     Gourm    .   (no shield)
rNeg     . . .     Faith    .   a - +0 robe
rPois    .         Spirit   .   (no helmet)
rElec    .         Reflect  .   (no cloak)
rCorr    .         Harm     .   (no gloves)
MR       .....                  (no boots)
Stlth    ++........             (no amulet)
HPRegen  0.06/turn              (no ring)
MPRegen  0.12/turn              (no ring)

@: no status effects
A: no striking features
a: no special abilities


You were on level 2 of the Dungeon.
You were not hungry.

You visited 1 branch of the dungeon, and saw 2 of its levels.

You collected 41 gold pieces.

Inventory:

Hand Weapons
 e - a +0 dagger (weapon)
Armour
 a - a +0 robe (worn)
Scrolls
 d - a scroll of immolation {unknown}
 f - a scroll of blinking {unknown}
 g - 2 scrolls of magic mapping {unknown}
 i - 2 scrolls of teleportation {unknown}
Books
 b - a book of Flames

   Spells                             Type                      Level
   a - Flame Tongue                   Conjuration/Fire             1
   b - Throw Flame                    Conjuration/Fire             2
   c - Conjure Flame                  Conjuration/Fire             3
   d - Inner Flame                    Hexes/Fire                   3
   e - Sticky Flame                   Conjuration/Fire             4
   f - Fireball                       Conjuration/Fire             5
Comestibles
 c - 2 bread rations
 h - 5 chunks of flesh


   Skills:
 + Level 2.6 Dodging
 + Level 2.5 Stealth
 + Level 3.9 Spellcasting
 + Level 1.8 Conjurations
 + Level 4.1 Fire Magic


You had 8 spell levels left.
You knew the following spells:

 Your Spells              Type           Power        Failure   Level  Hunger
a - Flame Tongue          Conj/Fire      ###..        3%          1    None


Dungeon Overview and Level Annotations

Branches:
Dungeon (2/15)

Altars:


Message History

Found 10 gold pieces.
The quokka closely misses you.
Casting: Flame Tongue
Confirm with . or Enter, or press ? or * to list all spells.
Aiming: Flame Tongue
Press: ? - help, Shift-Dir - straight line, f/p - hobgoblin
Aim: a hobgoblin, wielding a club The flame tongue hits the quokka.
The quokka appears unharmed.
The quokka bites you.
* * * LOW HITPOINT WARNING * * *
Your magical contamination has completely faded away.
Casting: Flame Tongue
Confirm with . or Enter, or press ? or * to list all spells.
Aiming: Flame Tongue
Press: ? - help, Shift-Dir - straight line, f/p - hobgoblin
Aim: a hobgoblin, wielding a club The flame tongue hits the quokka.
The quokka is heavily wounded.
The quokka bites you.
You die...

.. ###.....###)..#..# #$.
#.g#...#..#..#...#
#...###...#.#...###....#
#..#...#...#...#...#...#
.#.....#..#..#.....#..##
#........#####..........#
#.#.....#g.#..#.....#†#.#
....#...#..r#...#...#..#.#
.....###...#@#...###.....#
##..# #..#...#..#..#....#
..# .###....†###...#...## ..
.#..#.....#..#....#..#
##....#...#.....#...#...##†#
...
....#.#...#.#......##.###
... ..#...#.#...#...........
... ..................##.###
#.# #....h..######.###.#


You could see a quokka and a hobgoblin.

Vanquished Creatures
  2 dart slugs (D:1)
  3 leopard geckos
  A ball python (D:2)
  6 goblins
  5 hobgoblins
  5 jackals (D:2)
  6 kobolds
  3 bats
  3 frilled lizards
  5 rats
39 creatures vanquished.

Notes
Turn   | Place    | Note
-------+----------+-------------------------------------------
     0 | D:1      | nikopol the Deep Elf Fire Elementalist began the quest for the Orb.
     0 | D:1      | Reached XP level 1. HP: 10/10 MP: 6/6
   185 | D:1      | Reached XP level 2. HP: 15/15 MP: 5/8
   592 | D:1      | Reached XP level 3. HP: 19/19 MP: 7/10
   868 | D:2      | Reached skill level 4 in Fire Magic
  1039 | D:2      | Slain by a quokka

Vault maps used:
D:1:      lightli_arrival_lavapool
D:2:      zin_angel, minmay_splitting_lines

Skill      XL: |  1  2  3 |
---------------+----------+-----
Fire Magic     | 4 |  4.1
Dodging        | |  2.6
Stealth        | |  2.5
Spellcasting   | |  3.9
Conjurations   | |  1.8

Action                   || total
-------------------------++-------
Melee: Dagger            ||     3
 Cast: Flame Tongue      ||    71
Armor: Robe              ||     1
Dodge: Dodged            ||    26

Table legend:
 A = Spawn XP
 B = Non-spawn XP
 C = Spawn XP percentage of total XP
 D = Spawn monster count
 E = Non-spawn monster count
 F = Spawn count percentage of total count
 G = Total turns spent on level
                    A         B        C        D         E        F      G
               +---------+---------+-------+---------+---------+-------+---------
         Total |       0 |      71 |   0.0 |       0 |      39 |   0.0 |  1039
               +---------+---------+-------+---------+---------+-------+---------
           D:1 |       0 |      45 |   0.0 |       0 |      25 |   0.0 |   851
           D:2 |       0 |      26 |   0.0 |       0 |      14 |   0.0 |   188
               +---------+---------+-------+---------+---------+-------+---------
